 Dungeon Crawl Stone Soup version 0.29.0-4-gdea44cf6ec (webtiles) character file.

Game seed: 15950583237180847901

74 qw the Chopper (level 4, -3/26 HPs)
             Began as a Tengu Warper on Aug 28, 2022.
             Slain by Grinder (4 damage)
             ... while paralysed by Grinder
             ... on level 3 of the Dungeon.
             The game lasted 00:00:12 (2194 turns).

qw the Chopper (Tengu Warper)                       Turns: 2194, Time: 00:00:13

Health: -3/26      AC:  8    Str: 13    XL:     4   Next: 30%
Magic:  0/8        EV:  2    Int: 13    God:
Gold:   76         SH:  0    Dex: 14    Spells: 7/7 levels left

rFire   . . .      SeeInvis .   b - +4 war axe
rCold   . . .      Faith    .   (no shield)
rNeg    . . .      Spirit   +   f - +0 chain mail
rPois   .          Reflect  .   (helmet restricted)
rElec   .          Harm     .   (no cloak)
rCorr   .          Rampage  .   (no gloves)
Will    .....                   (boots unavailable)
Stlth   ..........              d - amulet of guardian spirit
HPRegen 0.08/turn               (no ring)
MPRegen 0.11/turn               (no ring)

@: paralysed
A: beak, talons 3
a: no special abilities


You were on level 3 of the Dungeon.
You visited 1 branch of the dungeon, and saw 3 of its levels.

You collected 76 gold pieces.


Innate Abilities, Weirdness & Mutations

You have a beak for a mouth.
You have claws for feet.


   Skills:
 - Level 2.0 Fighting
 + Level 4.9 Axes
 - Level 1.0 Throwing
 - Level 1.1 Armour
 - Level 2.1 Dodging
 - Level 2.0 Spellcasting
 - Level 2.4 Translocations


You had 7 spell levels left.
You didn't know any spells.
Your spell library contained the following spells:

 Spells                   Type           Power      Damage    Failure   Level
 Blink                    Tloc           14%        N/A       99%         2
 Gell's Gravitas          Tloc           7%         N/A       100%        3
 Lesser Beckoning         Tloc           7%         N/A       100%        3
 Teleport Other           Tloc           7%         N/A       100%        3
 Manifold Assault         Tloc           7%         N/A       100%        5

Inventory:

Hand Weapons
 a - a +0 whip
 b - a +4 war axe (weapon)
Armour
 f - a +0 chain mail (worn)
Jewellery
 d - an amulet of guardian spirit (around neck)
Potions
 c - a potion of attraction {unknown}
 e - 2 potions of curing
 g - a potion of flight {unknown}
 h - a potion of brilliance {unknown}

Dungeon Overview and Level Annotations

Branches:
Dungeon (3/15)

Altars:

Shops:
D:1 :

Annotations:
D:3 Grinder


Message History

Enter note:
Found a stone staircase leading up.
Found a stone staircase leading down.
g - a cyan potion
h - a pink potion Grinder comes into view.
Grinder shouts!
An orc comes into view. It is wielding a +0 dagger.
The orc shouts!
Grinder hits you but does no damage.
You slash Grinder!
Grinder is moderately wounded.
Grinder gestures at you. Pain shoots through your body!
You closely miss Grinder.
Grinder is moderately wounded.
You closely miss the orc.
The orc shouts!
The orc hits you with a +0 dagger. Grinder gestures at you.
You suddenly lose the ability to move!
The orc hits you with a +0 dagger. Grinder hits you.
You writhe in agony.
Grinder hits you.
You writhe in agony.
The orc hits you but does no damage. x2; Grinder completely misses you.
The orc hits you but does no damage. x2
Grinder gestures at you. Pain shoots through your body!
You can move again.
You slash Grinder! You peck Grinder.
Grinder is heavily wounded.
You barely miss the orc. x2
The orc hits you but does no damage. x2; Grinder hits you!
You slash Grinder! Your peck misses Grinder.
Grinder is severely wounded.
You hit the orc. You barely miss the orc. The orc hits you but does no damage.
The orc closely misses you. Grinder gestures at you.
You suddenly lose the ability to move!
The orc completely misses you. Grinder hits you.
You writhe in agony.
You die...

.. ## ## #.
. .... .
.#.#. ...##
...#####.
#5o......
#@o# #..#
#..# #..# #.
#..# .##..
#..# #...#
.... ###..#
#.#.# #..
#....#
#.#.#####..#
#.##.#
#...........


You could see Grinder and 2 orcs.

Vanquished Creatures
  An orc wizard (D:3)
  An adder (D:2)
  A worm (D:2)
  3 orcs
  3 endoplasms
  2 goblins
  A hobgoblin (D:2)
  2 jackals (D:2)
  A kobold (D:2)
  2 quokkas
  5 ball pythons
  10 bats
  3 frilled lizards (D:1)
  A rat (D:2)
36 creatures vanquished.

Notes
Turn   | Place    | Note
-------+----------+-------------------------------------------
     0 | D:1      | qw the Tengu Warper began the quest for the Orb.
     0 | D:1      | Reached XP level 1. HP: 12/12 MP: 4/4
     0 | D:1      | 0 ||| qw: Version: 0.1-a-89-g26bdef1
     0 | D:1      | 0 ||| qw: Game counter: 1392
     0 | D:1      | 0 ||| qw: Always use a shield: true
     0 | D:1      | 0 ||| qw: God list: Okawaru
     0 | D:1      | 0 ||| qw: Allow faded altars: false
     0 | D:1      | 0 ||| qw: Do Orc after D:15 true
     0 | D:1      | 0 ||| qw: Do second Lair branch before Depths: true
     0 | D:1      | 0 ||| qw: Lair rune preference: random
     0 | D:1      | 0 ||| qw: Plans: Normal
     0 | D:1      | 0 ||| PLANNING D:1-11
    69 | D:1      | 69 ||| Stepping ~*~*~tactically~*~*~ (stealth).
   238 | D:1      | Reached XP level 2. HP: 17/17 MP: 6/6
   254 | D:1      | Reached skill level 3 in Axes
   364 | D:1      | Found Pylugg's Book Shoppe.
   384 | D:1      | 384 ||| Stepping ~*~*~tactically~*~*~ (stealth).
   385 | D:1      | 385 ||| Stepping ~*~*~tactically~*~*~ (stealth).
   407 | D:1      | 407 ||| Stepping ~*~*~tactically~*~*~ (stealth).
   408 | D:1      | 408 ||| Stepping ~*~*~tactically~*~*~ (stealth).
   409 | D:1      | 409 ||| Stepping ~*~*~tactically~*~*~ (stealth).
   416 | D:1      | 416 ||| Stepping ~*~*~tactically~*~*~ (stealth).
   419 | D:1      | 419 ||| Stepping ~*~*~tactically~*~*~ (stealth).
   864 | D:1      | 864 ||| UPGRADING to +0 chain mail.
   874 | D:1      | 874 ||| DROPPING +0 leather armour.
   875 | D:1      | 875 ||| UPGRADING to amulet of guardian spirit.
   880 | D:1      | 880 ||| DROPPING scroll of blinking.
   998 | D:2      | Reached XP level 3. HP: 18/21 MP: 7/7
  1079 | D:2      | 1079 ||| FLEEEEING.
  1080 | D:2      | 1080 ||| FLEEEEING.
  1081 | D:2      | 1081 ||| FLEEEEING.
  1082 | D:2      | 1082 ||| FLEEEEING.
  1083 | D:2      | 1083 ||| FLEEEEING.
  1084 | D:2      | 1084 ||| FLEEEEING.
  1085 | D:2      | 1085 ||| FLEEEEING.
  1086 | D:2      | 1086 ||| FLEEEEING.
  1087 | D:2      | 1087 ||| FLEEEEING.
  1088 | D:2      | 1088 ||| FLEEEEING.
  1089 | D:2      | 1089 ||| FLEEEEING.
  1090 | D:2      | 1090 ||| FLEEEEING.
  1092 | D:2      | 1092 ||| FLEEEEING.
  1093 | D:2      | 1093 ||| FLEEEEING.
  1094 | D:2      | 1094 ||| FLEEEEING.
  1095 | D:2      | 1095 ||| FLEEEEING.
  1096 | D:2      | 1096 ||| FLEEEEING.
  1097 | D:2      | 1097 ||| FLEEEEING.
  1098 | D:2      | 1098 ||| STAIRDANCE
  1129 | D:1      | 1129 ||| READING scroll labelled SILUGU VYSAAZE.
  1130 | D:1      | 1130 ||| DRINKING 2 brown potions.
  1199 | D:2      | Reached skill level 4 in Axes
  1604 | D:2      | Found the +7 Spriggan's Knife {stab, EV+4 Stlth+}
  1606 | D:2      | 1606 ||| Stepping ~*~*~tactically~*~*~ (stealth).
  1621 | D:2      | 1621 ||| Stepping randomly (stuck).
  1801 | D:2      | 1801 ||| READING scroll labelled COJAEP BYTH.
  1893 | D:2      | 1893 ||| Stepping randomly (stuck).
  1936 | D:2      | 1936 ||| Stepping randomly (stuck).
  1975 | D:3      | 1975 ||| Stepping ~*~*~tactically~*~*~ (hiding).
  1976 | D:3      | 1976 ||| Stepping ~*~*~tactically~*~*~ (hiding).
  1989 | D:3      | Reached XP level 4. HP: 18/26 MP: 6/8
  2007 | D:3      | 2007 ||| FLEEEEING.
  2009 | D:3      | 2009 ||| STAIRDANCE
  2092 | D:3      | 2092 ||| Stepping ~*~*~tactically~*~*~ (stealth).
  2114 | D:3      | 2114 ||| SWAPPING to +4 war axe.
  2115 | D:3      | 2115 ||| DROPPING +0 hand axe.
  2183 | D:3      | Noticed Grinder
  2188 | D:3      | Paralysed by Grinder for 5 turns
  2193 | D:3      | HP: 3/26 [Grinder (5)]
  2194 | D:3      | Paralysed by Grinder for 4 turns
  2194 | D:3      | HP: 1/26 [Grinder (2)]
  2194 | D:3      | Slain by Grinder

Levels and vault maps discovered:
D:1:      heliophobic_arrival_ceremonial_halls, layout_basic, serial_shops,
          nicolae_shop_behind_doors
D:2:      layout_loops_cross, due_unseen_surprise
D:3:      layout_loops_ring, chequers_serial_rivers_marsh, uniq_grinder

Skill      XL: |  1  2  3 |
---------------+----------+-----
Axes           | 3 4 |  4.9
Fighting       | |  2.0
Throwing       | |  1.0
Armour         | |  1.1
Dodging        | |  2.1
Spellcasting   | |  2.0
Translocations | |  2.4

Action                   |  1- 3 |  4- 6 || total
-------------------------+-------+-------++-------
Melee: Hand axe          |    94 |     5 ||    99
       Kick              |    25 |     2 ||    27
       Peck              |    12 |     2 ||    14
       War axe           |       |     4 ||     4
Throw: Boomerang         |     7 |       ||     7
  Use: Scroll            |     2 |       ||     2
       Potion            |     1 |       ||     1
Armor: Leather armour    |    10 |       ||    10
       Chain mail        |    27 |     8 ||    35
Dodge: Dodged            |    37 |     4 ||    41

Table legend:
 A = Non-vault XP
 B = Vault XP
 C = Vault XP percentage of total XP
 D = Non-vault monster count
 E = Vault monster count
 F = Vault count percentage of total count
                 A         B        C        D         E       F
            +---------+---------+-------+---------+---------+-------
      Total |     107 |       0 |   0.0 |      36 |       0 |   0.0
            +---------+---------+-------+---------+---------+-------
        D:1 |      22 |       0 |   0.0 |      16 |       0 |   0.0
        D:2 |      44 |       0 |   0.0 |      17 |       0 |   0.0
        D:3 |      41 |       0 |   0.0 |       3 |       0 |   0.0
            +---------+---------+-------+---------+---------+-------
